 Dungeon Crawl Stone Soup version 0.15.2 (webtiles) character file.

168 mopl the Ducker (level 5, -6/41 HPs)
             Began as a Human Healer on July 13, 2016.
             Was a Believer of Elyvilon.
             Mangled by an ogre
             ... wielding a +0 giant club
              (20 damage)
             ... on Level 4 of the Dungeon.
             The game lasted 00:07:05 (4017 turns).

mopl the Ducker (Human Healer)                      Turns: 4017, Time: 00:07:05

HP  -6/41        AC  9     Str 12      XL: 5   Next: 78%
MP   8/8         EV  9     Int 13      God: Elyvilon [**....]
Gold 168         SH  0     Dex 13      Spells:  0 memorised,  4 levels left

rFire  . . .     SeeInvis .     s - +0 flail
rCold  . . .     Clarity  .     p - +0 ring mail
rNeg   . . .     rCorr    .     (no shield)
rPois  .         rRot     .     q - +0 helmet
rElec  .         Spirit   .     (no cloak)
SustAb .         Warding  .     (no gloves)
rMut   .         Stasis   .     v - +2 pair of boots
Gourm  .                        (no amulet)
MR     .....                    u - ring of regeneration
                                l - cursed ring of loudness

@: not resistant to hostile enchantments, extremely unstealthy
A: no striking features
a: Lesser Healing, Lesser Self-Healing, Divine Protection, Purification,
Renounce Religion


You were on level 4 of the Dungeon.
You worshipped Elyvilon.
Elyvilon was pleased with you.
You were not hungry.

You visited 1 branch of the dungeon, and saw 4 of its levels.

You collected 168 gold pieces.

Inventory:

Hand weapons
 e - a +0 hand axe
 s - a +0 flail (weapon)
Missiles
 g - 6 needles of confusion
Armour
 h - a cursed +0 large shield
 p - a +0 ring mail (worn)
 q - a +0 helmet (worn)
 v - a +2 pair of boots (worn)
Comestibles
 d - 3 bread rations
 m - 2 royal jellies
 n - 5 fruits
 w - 2 rotting chunks of jackal flesh
 D - a chunk of giant cockroach flesh
Scrolls
 a - a scroll of enchant weapon {unknown}
 c - a scroll of amnesia {unknown}
 i - 4 scrolls of identify
 k - a scroll of teleportation {unknown}
 r - 4 scrolls of enchant armour {unknown}
 A - a scroll of blinking {unknown}
 B - a scroll of remove curse {unknown}
Jewellery
 l - a cursed ring of loudness (left hand)
 u - a ring of regeneration (right hand)
Potions
 b - a potion of curing
 f - a potion of resistance
 j - a potion of restore abilities {unknown}
 o - a potion of heal wounds
 x - a potion of lignification {unknown}
 z - a potion of confusion {unknown}
 C - a potion of berserk rage {unknown}
Books
 t - a book of Envenomations

   Spells                             Type                      Level
   Spider Form                        Transmutation/Poison         3
   Alistair's Intoxication            Transmutation/Poison         4
   Olgreb's Toxic Radiance            Poison                       4
   Poisonous Cloud                    Conjuration/Poison/Air       6


   Skills:
 + Level 3.5 Fighting
 * Level 1.7 Maces & Flails
 + Level 3.7 Dodging
 - Level 3.0 Invocations


You had 4 spell levels left.
You didn't know any spells.

Dungeon Overview and Level Annotations

Branches:
Dungeon (4/15)
 Temple: D:4-7

Altars:
Trog


Message History

It is a scroll of identify.
Identify which item? (\ to view known items) (? for menu, Esc to quit)
f - a potion of resistance You hit the ogre.
The ogre is moderately wounded.
The ogre closely misses you.
You barely miss the ogre.
The ogre is moderately wounded.
The ogre hits you but does no damage.
You hit the ogre.
The ogre is heavily wounded.
The ogre hits you with a giant club!!
Ouch! That really hurt!
You barely miss the ogre.
The ogre is heavily wounded.
The ogre hits you with a giant club.
You hit the ogre.
The ogre is heavily wounded.
The ogre hits you with a giant club!!
You die...

##+## ##...##
##..<..##
#..@....#
#...O.....#
.............+
####.........#
#........##
#(#.....##
#.##...## #.
##+##


You could see an ogre.

Vanquished Creatures
  An orc wizard (D:3)
  5 adders
  2 giant mites (D:3)
  A worm (D:3)
  A giant gecko (D:3)
  4 orcs
  11 bats
  3 giant cockroaches (D:3)
  5 goblins
  5 hobgoblins
  6 jackals
  5 giant newts
  14 kobolds
  6 rats
69 creatures vanquished.

Notes
Turn   | Place    | Note
--------------------------------------------------------------
     0 | D:1      | mopl, the Human Healer, began the quest for the Orb.
     0 | D:1      | Reached XP level 1. HP: 15/15 MP: 2/2
   296 | D:1      | Reached XP level 2. HP: 21/21 MP: 3/3
   469 | D:1      | HP: 1/22 [jackal (1)]
  1048 | D:1      | Reached XP level 3. HP: 14/27 MP: 5/5
  1355 | D:2      | HP: 1/27 [adder (1)]
  1797 | D:2      | Reached XP level 4. HP: 20/34 MP: 6/6
  3006 | D:3      | Reached XP level 5. HP: 30/41 MP: 8/8
  3436 | D:3      | Reached skill level 1 in Maces & Flails
  3655 | D:3      | Found a bloodstained altar of Trog.
  4007 | D:4      | Noticed an ogre
  4017 | D:4      | Mangled by an ogre

Action                   |  1- 3 |  4- 6 || total
-------------------------+-------+-------++-------
Melee: Hand axe          |   117 |    96 ||   213
       Flail             |       |    76 ||    76
Throw: Tomahawk          |       |     3 ||     3
Invok: Lesser Healing    |       |    13 ||    13
  Use: Potion            |     2 |       ||     2
       Scroll            |       |     1 ||     1
 Stab: Sleeping          |     1 |       ||     1
  Eat: Chunk             |     3 |     9 ||    12
